 Dungeon Crawl Stone Soup version 0.31.0-9-g3a7656b989 (webtiles) character file.

Game seed: 16690687996814895594

475 qw the Shooter (level 6, 0/30 HPs)
             Began as a Spriggan Hunter on Feb 2, 2024.
             Was an Initiate of Okawaru.
             Slain by a scorpion (6 damage)
             ... on level 5 of the Dungeon.
             The game lasted 00:00:12 (2916 turns).

qw the Shooter (Spriggan Hunter)                    Turns: 2916, Time: 00:00:12

Health: 0/30       AC:  2    Str:  7    XL:     6   Next: 84%
Magic:  7/7        EV: 21    Int: 11    God:    Okawaru [......]
Gold:   204        SH:  0    Dex: 20    Spells: 5/5 levels left

rFire   . . .        a - +1 shortbow (chaos)
rCold   . . .        (shield currently unavailable)
rNeg    . . .        c - +0 robe
rPois   .            (helmet restricted)
rElec   .            (no cloak)
rCorr   +            (gloves unavailable)
SInv    +            (boots unavailable)
Will    +....        (no amulet)
Stlth   ++           d - +4 ring of slaying {mikee}
HPRegen 0.25/turn    j - ring of resist corrosion
MPRegen 0.10/turn

%: no passive effects
@: very quick
A: very small, no large weapons, unfitting armour, see invisible, speed 3
a: Renounce Religion


You were on level 5 of the Dungeon.
You worshipped Okawaru.
Okawaru was noncommittal.
You visited 1 branch of the dungeon, and saw 5 of its levels.

You collected 204 gold pieces.


Innate Abilities, Weirdness & Mutations

You are very small and have problems with some larger weapons.
You are too small for most types of armour.
You have supernaturally acute eyesight. (SInv)
You cover ground extremely quickly. (Speed+++)


   Skills:
 - Level 2.0 Fighting
 - Level 7.0 Ranged Weapons
 + Level 6.0 Dodging
 - Level 1.5 Stealth


You had 5 spell levels left.
You didn't know any spells.
Your spell library was empty.

Inventory:

Hand Weapons
 a - a +1 shortbow of chaos (weapon)
Armour
 c - a +0 robe (worn)
Jewellery
 d - a +4 ring of slaying (left hand) {mikee}
 j - a ring of resist corrosion (right hand)
Wands
 h - a wand of polymorph (17)
Scrolls
 e - a scroll of enchant armour
 m - a scroll of teleportation
Potions
 b - a potion of curing
 f - a potion of experience {unknown}
 i - a potion of degeneration {unknown}

Dungeon Overview and Level Annotations

Branches:
Dungeon (5/15)
 Temple: D:4-7

Altars:
Cheibriados
Gozag
Kikubaaqudgha
Okawaru
The Shining One


Message History

A scorpion is nearby!
A scorpion is nearby!
Enter note:
Found a robe.
The scorpion stings you.
A scorpion is nearby!
The scorpion stings you. The scorpion closely misses you.
A scorpion is nearby!
The scorpion closely misses you.
A scorpion is nearby!
The scorpion misses you. x2
A scorpion is nearby!
The scorpion stings you.
You are poisoned.
The scorpion poisons you! The scorpion stings you!
You are lethally poisoned!
The scorpion poisons you!
2908 ||| DRINKING 3 potions of curing.
You feel better.
2908 ||| (to cure poison)
The scorpion barely misses you. The scorpion closely misses you.
A scorpion is nearby!
The scorpion completely misses you. The scorpion misses you.
A scorpion is nearby!
The scorpion misses you.
A scorpion is nearby!
The scorpion stings you! x2
You are lethally poisoned!
The scorpion poisons you!
2912 ||| DRINKING 2 potions of curing.
You feel better.
2912 ||| (to cure poison)
The scorpion closely misses you. The scorpion stings you.
A scorpion is nearby!
The scorpion completely misses you. The scorpion closely misses you.
A scorpion is nearby!
The scorpion completely misses you. The scorpion closely misses you.
A scorpion is nearby!
The scorpion completely misses you.
A scorpion is nearby!
The scorpion stings you.
You die...

#.......'......#.....#
+.......#......#.....#
##########.....#.....#
.........#.....#.....#
[........#.....#.....#
....:....#.....###....
.........'.......#.....
.......s$#.......#
.......@.#.......#
.........#.......#
.........#.......#
.........#########
.......... #+#######..
.. ...


You could see a neutral scorpion (fast, strong, frenzied).

Vanquished Creatures
  An ogre (D:5)
  A scorpion (D:4)
  A gnoll bouda (D:4)
  A hound (D:5)
  Terence (D:3)
  2 iguanas
  3 gnolls (D:2)
  8 adders
  A white imp (D:5)
  2 ribbon worms
  A dart slug (D:2)
  2 orcs
  8 endoplasms
  7 giant cockroaches
  7 hobgoblins
  10 jackals
  5 kobolds
  A quokka (D:4)
  3 ball pythons
  3 bats
  A frilled lizard (D:2)
  12 goblins
  6 rats
87 creatures vanquished.

Notes
Turn   | Place    | Note
-------+----------+-------------------------------------------
     0 | D:1      | qw the Spriggan Hunter began the quest for the Orb.
     0 | D:1      | Reached XP level 1. HP: 10/10 MP: 2/2
     0 | D:1      | 0 ||| qw: Version: 0.3-a-155-g5e7d8dd
     0 | D:1      | 0 ||| qw: Game counter: 2574
     0 | D:1      | 0 ||| qw: Melee chars always use a shield: true
     0 | D:1      | 0 ||| qw: God list: Okawaru
     0 | D:1      | 0 ||| qw: Allow faded altars: false
     0 | D:1      | 0 ||| qw: Do Orc after clearing Dungeon:15 true
     0 | D:1      | 0 ||| qw: Do second Lair branch before Depths: true
     0 | D:1      | 0 ||| qw: Lair rune preference: random
     0 | D:1      | 0 ||| qw: Goals: Normal
     0 | D:1      | 0 ||| PLANNING D:1-11
    25 | D:1      | Reached skill level 3 in Dodging
    76 | D:1      | Reached XP level 2. HP: 14/14 MP: 3/3
   191 | D:1      | Found a faded altar of an unknown god.
   436 | D:1      | 436 ||| READING scroll labelled IDGHACR QURY.
   437 | D:1      | 437 ||| READING scroll labelled UFAILE DEETS.
   438 | D:1      | 438 ||| READING scroll labelled SEUQEAMIMYDGH.
   443 | D:1      | 443 ||| READING scroll labelled YMUIHU OHI PIMP.
   443 | D:1      | Identified a scroll of acquirement
   443 | D:1      | 443 ||| ACQUIRING +4 ring of slaying
   443 | D:1      | Acquired a +4 ring of slaying
   445 | D:1      | 445 ||| UPGRADING to +4 ring of slaying {mikee}.
   446 | D:1      | 446 ||| READING scroll labelled ZYINATS FOOH.
   446 | D:1      | 446 ||| ENCHANTING +0 shortbow.
   447 | D:1      | 447 ||| DRINKING 2 fizzy red potions.
   448 | D:1      | 448 ||| DROPPING scroll of butterflies.
   458 | D:2      | Reached XP level 3. HP: 18/18 MP: 4/4
   805 | D:2      | HP: 4/18 [gnoll/+0 flail (14)]
   809 | D:2      | Reached skill level 5 in Ranged Weapons
   897 | D:2      | Reached XP level 4. HP: 22/22 MP: 5/5
  1398 | D:2      | 1398 ||| UPGRADING to ring of resist corrosion.
  1399 | D:2      | 1399 ||| READING scroll labelled PETYISCH ESOE.
  1400 | D:2      | 1400 ||| READING scroll labelled FEUCRA ZAREMP.
  1400 | D:2      | 1400 ||| ENCHANTING +1 shortbow.
  1401 | D:2      | 1401 ||| DRINKING 2 golden potions.
  1402 | D:2      | 1402 ||| DROPPING potion of attraction.
  1647 | D:3      | Reached XP level 5. HP: 26/26 MP: 6/6
  1705 | D:3      | Noticed Terence
  1709 | D:3      | Killed Terence
  1780 | D:3      | Found an ancient bone altar of Kikubaaqudgha.
  1780 | D:3      | Found an opulent altar of Gozag.
  1865 | D:3      | 1865 ||| READING scroll labelled KAUTAE NYAGG.
  1865 | D:3      | 1865 ||| BRANDING +1 shortbow.
  1866 | D:3      | 1866 ||| READING scroll labelled NAOTEH JEOSS.
  1866 | D:3      | 1866 ||| IDENTIFYING fuming grey potion
  1922 | D:4      | 1922 ||| DRINKING potion of haste.
  1926 | D:4      | Reached skill level 6 in Ranged Weapons
  1928 | D:4      | Reached XP level 6. HP: 13/30 MP: 7/7
  1930 | D:4      | 1930 ||| FLEEEEING.
  1931 | D:4      | 1931 ||| FLEEEEING.
  1932 | D:4      | 1932 ||| FLEEEEING.
  1933 | D:4      | 1933 ||| FLEEEEING.
  1934 | D:4      | 1934 ||| FLEEEEING.
  1935 | D:4      | 1935 ||| FLEEEEING.
  1941 | D:4      | 1941 ||| FLEEEEING.
  1942 | D:4      | 1942 ||| FLEEEEING.
  1943 | D:4      | 1943 ||| FLEEEEING.
  1944 | D:4      | 1944 ||| FLEEEEING.
  1945 | D:4      | 1945 ||| FLEEEEING.
  1946 | D:4      | 1946 ||| FLEEEEING.
  1947 | D:4      | 1947 ||| FLEEEEING.
  1948 | D:4      | 1948 ||| FLEEEEING.
  1949 | D:4      | 1949 ||| FLEEEEING.
  1950 | D:4      | 1950 ||| FLEEEEING.
  1952 | D:4      | 1952 ||| FLEEEEING.
  1954 | D:4      | 1954 ||| FLEEEEING.
  1956 | D:4      | 1956 ||| FLEEEEING.
  1958 | D:4      | 1958 ||| FLEEEEING.
  1960 | D:4      | 1960 ||| FLEEEEING.
  1961 | D:4      | 1961 ||| FLEEEEING.
  1963 | D:4      | 1963 ||| FLEEEEING.
  1973 | D:4      | 1973 ||| FLEEEEING.
  1974 | D:4      | 1974 ||| FLEEEEING.
  1975 | D:4      | 1975 ||| FLEEEEING.
  1976 | D:4      | 1976 ||| STAIRDANCE
  2177 | D:4      | Found a snail-covered altar of Cheibriados.
  2177 | D:4      | Found a glowing golden altar of the Shining One.
  2566 | D:4      | Found an iron altar of Okawaru.
  2567 | D:4      | 2567 ||| PLANNING OKAWARU WORSHIP
  2568 | D:4      | 2568 ||| READING scroll of identify.
  2568 | D:4      | 2568 ||| IDENTIFYING fuming purple potion
  2569 | D:4      | 2569 ||| READING scroll labelled YLIORCHO BUSK.
  2570 | D:4      | 2570 ||| DROPPING potion of invisibility.
  2629 | D:4      | Became a worshipper of Warmaster Okawaru
  2630 | D:4      | 2630 ||| PLANNING D:1-11
  2660 | D:4      | Reached skill level 6 in Dodging
  2777 | D:5      | Entered Level 5 of the Dungeon
  2782 | D:5      | 2782 ||| DRINKING potion of haste.
  2864 | D:5      | Reached skill level 7 in Ranged Weapons
  2908 | D:5      | 2908 ||| DRINKING 3 potions of curing.
  2908 | D:5      | 2908 ||| (to cure poison)
  2911 | D:5      | HP: 1/30 [scorpion (11)]
  2912 | D:5      | 2912 ||| DRINKING 2 potions of curing.
  2912 | D:5      | 2912 ||| (to cure poison)
  2916 | D:5      | Slain by a scorpion

Levels and vault maps discovered:
D:1:      dpeg_arrival_lava_temple_mockup, layout_rooms,
          ebering_ecumenical_altar_abandoned
D:2:      layout_basic
D:3:      cheibrodos_helix_gallery, layout_rooms,
          amethyst_overflow_temple_binary, uniq_terence
D:4:      layout_basic, gammafunk_temple_overflow_wave,
          kennysheep_okawaru_gauntlet, st_stairs_11
D:5:      layout_gridville, minmay_temple_entry_sparse_star, feat_on_display

Skill      XL: |  1  2  3  4  5  6 |
---------------+-------------------+-----
Dodging        | 3 4 5 6 |  6.0
Ranged Weapons | 5 6 7 |  7.0
Fighting       | 2 |  2.0
Stealth        | |  1.5

Action                     |  1- 3 |  4- 6 || total
---------------------------+-------+-------++-------
   Fire: Shortbow          |    71 |   144 ||   215
    Use: Scroll            |     5 |     6 ||    11
         Potion            |     1 |     5 ||     6
 Armour: Robe              |     4 |    19 ||    23
  Dodge: Dodged            |    10 |    58 ||    68

Table legend:
 A = Non-vault XP
 B = Vault XP
 C = Vault XP percentage of total XP
 D = Non-vault monster count
 E = Vault monster count
 F = Vault count percentage of total count
                 A         B        C        D         E       F
            +---------+---------+-------+---------+---------+-------
      Total |     506 |     173 |  25.5 |      78 |       9 |  10.3
            +---------+---------+-------+---------+---------+-------
        D:1 |      30 |       0 |   0.0 |      19 |       0 |   0.0
        D:2 |      84 |       0 |   0.0 |      12 |       0 |   0.0
        D:3 |      94 |      41 |  30.4 |      24 |       3 |  11.1
        D:4 |      93 |     132 |  58.7 |      19 |       6 |  24.0
        D:5 |     205 |       0 |   0.0 |       4 |       0 |   0.0
            +---------+---------+-------+---------+---------+-------
